 Dungeon Crawl Stone Soup version 0.28.0-43-g3370ac3207 (webtiles) character file.

Game seed: 16829063178993868486

4 protoss039 the Sneak (level 1, 0/9 HPs)
             Began as a Spriggan Enchanter on Mar 3, 2022.
             Slain by a gnoll
             ... wielding a +0 spear
              (5 damage)
             ... on level 1 of the Dungeon.
             The game lasted 00:01:42 (215 turns).

protoss039 the Sneak (Spriggan Enchanter)            Turns: 215, Time: 00:01:43

Health: 0/9        AC:  2    Str:  4    XL:     1   Next: 58%
Magic:  5/5        EV: 17    Int: 16    God:
Gold:   0          SH:  0    Dex: 15    Spells: 5/5 levels left

rFire   . . .      SeeInvis +   a - +1 dagger
rCold   . . .      Faith    .   (no shield)
rNeg    . . .      Spirit   .   b - +0 robe
rPois   .          Reflect  .   (helmet restricted)
rElec   .          Harm     .   (no cloak)
rCorr   .          Rampage  .   (gloves unavailable)
Will    .....                   (boots unavailable)
Stlth   +++.......              (no amulet)
HPRegen 0.03/turn               (no ring)
MPRegen 0.09/turn               (no ring)

@: weak-willed, very quick
A: very small, no large weapons, unfitting armour, see invisible, speed 3
a: no special abilities


You were on level 1 of the Dungeon.
You visited 1 branch of the dungeon, and saw 1 of its levels.

Inventory:

Hand Weapons
 a - a +1 dagger (weapon)
Armour
 b - a +0 robe (worn)
Potions
 c - a potion of invisibility


   Skills:
 * Level 1.4 Short Blades
 + Level 2.7 Dodging
 + Level 4.7 Stealth
 - Level 2.6 Spellcasting
 - Level 3.6 Hexes


You had 5 spell levels left.
You didn't know any spells.
Your spell library contained the following spells:

 Spells                   Type           Power      Damage    Failure   Level
 Confusing Touch          Hex            13%        N/A       13%         3
 Tukima's Dance           Hex            13%        N/A       13%         3
 Ensorcelled Hibernation  Hex/Ice        14%        N/A       14%         2
 Dazzling Flash           Conj/Hex       14%        N/A       28%         3


Dungeon Overview and Level Annotations

Branches:
Dungeon (1/15)

Altars:


Innate Abilities, Weirdness & Mutations

You are very small and have problems with some larger weapons.
You are too small for most types of armour.
You have supernaturally acute eyesight. (SInv)
You cover ground extremely quickly. (Speed+++)


Message History

The endoplasm quivers.
The endoplasm freezes you.
You are frozen.
A rat comes into view.
The rat misses you.
You hit the rat but do no damage. The rat completely misses you.
You don't know any spells.
Unknown command.
You don't know any spells.
You don't know any spells.
Okay, then.
You don't know any spells.
You don't know any spells.
Okay, then.
You hit the rat.
You kill the rat!
A goblin comes into view. It is wielding a +0 club.
The helpless goblin fails to defend itself.
You puncture the goblin!
You kill the goblin!
Things that are here:
a +0 club; a goblin corpse You hit the endoplasm.
The endoplasm is heavily wounded.
The endoplasm closely misses you.
You hit the endoplasm.
You kill the endoplasm!
As you read the scroll labelled AWUALAU IRRYBB, it crumbles to dust.
Magic quickly surges around you.
It was a scroll of vulnerability.
Unknown command.
Things that are here:
a +0 club; a goblin corpse You hit the hobgoblin but do no damage.
The hobgoblin is moderately wounded.
You hit the hobgoblin.
The hobgoblin is severely wounded.
The hobgoblin misses you.
The gnoll hits you from afar with a +0 spear.
Ouch! That really hurt!
You die...

#.. #.. #.. ###
##.. ##### ##.###
... #...## #.@..#
##.. .#...# ###
#g#.## #.g. ###..#
##.## #g..# #.. #
##.###...# ##.##
######
#..#..#.####.###
####..... #
##...##...###.g##
###........ ##
#####..#.#
###g####..........
.## ###.####
##)#l'#....gl.....
..# ##.....##
#.####.....g....##


You could see a gnoll and a hobgoblin.

Vanquished Creatures
  An endoplasm (D:1)
  2 goblins (D:1)
  2 rats (D:1)
5 creatures vanquished.

Notes
Turn   | Place    | Note
-------+----------+-------------------------------------------
     0 | D:1      | protoss039 the Spriggan Enchanter began the quest for the
                  | Orb.
     0 | D:1      | Reached XP level 1. HP: 9/9 MP: 5/5
   215 | D:1      | Slain by a gnoll

Illustrated notes

Levels and vault maps discovered:
D:1:      dpeg_cavernosity, layout_rooms, shapermc_ecumenical_altar_ellora,
          nrook_uturn, minmay_misc_feat_more_columns, minmay_misc_feat_rugged

Action                   || total
-------------------------++-------
Melee: Dagger            ||    11
  Use: Scroll            ||     1
 Stab: Sleeping          ||     3
Dodge: Dodged            ||     8
